 Dungeon Crawl Stone Soup version 0.17-a0-1582-ge6b0260 (webtiles) character file.

112 Chiseanne the Magician (level 4, -4/34 HPs)
             Began as a Demonspawn Wanderer on July 27, 2015.
             Slain by Grinder (5 damage)
             ... while paralysed by Grinder
             ... on level 3 of the Dungeon.
             The game lasted 00:05:34 (2104 turns).

Chiseanne the Magician (Demonspawn Wanderer)        Turns: 2104, Time: 00:05:34

Health: -4/34      AC:  6    Str: 12    XL:     4   Next: 64%
Magic:  8/8        EV:  2    Int: 13    God:
Gold:   77         SH:  0    Dex: 16    Spells: 1 memorised, 8 levels left

rFire  . . .     SeeInvis .     a - +0 flail
rCold  . . .     Clarity  .     l - +0 ring mail
rNeg   . . .     SustAt   .     (no shield)
rPois  .         Gourm    .     (no helmet)
rElec  .         Spirit   .     (no cloak)
rCorr  .         Warding  .     (no gloves)
rMut   .         Stasis   .     (no boots)
MR     .....                    (no amulet)
Stlth  +.........               (no ring)
                                p - ring of loudness (curse)

@: paralysed, flying, very slightly contaminated, hasted, not resistant to
hostile enchantments, very unstealthy
A: icy blue scales 1, agile 1, nightstalker 1
a: no special abilities


You were on level 3 of the Dungeon.
You were not hungry.

You visited 1 branch of the dungeon, and saw 3 of its levels.

You collected 77 gold pieces.

Inventory:

Hand weapons
 a - a +0 flail (weapon)
 e - a +2 hand crossbow
Missiles
 j - 22 arrows
 m - a bolt
 o - 9 sling bullets
Armour
 l - a +0 ring mail (worn)
Jewellery
 p - a cursed ring of loudness (left hand)
Magical devices
 q - a wand of flame (30)
Scrolls
 c - 2 scrolls of teleportation
 s - 2 scrolls of identify {unknown}
Potions
 r - a potion of agility {unknown}
Books
 d - Nageuth's Almanac of the Traveller

   Spells                             Type                      Level
   a - Apportation                    Translocation                1
   b - Portal Projectile              Translocation                3
Comestibles
 f - 2 bread rations
 i - a meat ration


   Skills:
 + Level 2.6 Fighting
 - Level 1.7 Crossbows
 - Level 1.0 Throwing
 * Level 2.5 Armour
 - Level 1.0 Dodging
 + Level 1.2 Stealth
 + Level 3.1 Spellcasting
   Level 1.0 Fire Magic


You had 8 spell levels left.
You knew the following spells:

 Your Spells              Type           Power        Failure   Level  Hunger
a - Apportation           Tloc           #.........   58%         1    #......


Dungeon Overview and Level Annotations

Branches:
Dungeon (3/15)

Altars:

Annotations:
D:3 Grinder


Innate Abilities, Weirdness & Mutations

You are partially covered in icy blue scales (AC +1).
You are slightly more attuned to the shadows.
You are agile. (Dex +2)


Message History

You shoot a bolt. The bolt barely misses Grinder.
Wield which item (- for none, * to show all)? (? for menu, Esc to quit)
a - a +0 flail (weapon)
You closely miss Grinder.
Grinder is severely wounded.
Grinder hits you but does no damage.
You hit Grinder but do no damage.
Grinder is severely wounded.
Grinder gestures at you.
You suddenly lose the ability to move!
Grinder gestures at you.
You barely resist. Grinder hits you.
* * * LOW HITPOINT WARNING * * *
You writhe in agony.
* * * LOW HITPOINT WARNING * * *
Grinder hits you.
* * * LOW HITPOINT WARNING * * *
You writhe in agony.
You die...

#. #. #5 #(
## #.##.#
#####(#@#
##
(..?((5##
..
#####.#.#.#
##...#.#
#...<>##
##...##
##.## #. #.


You could see Grinder.

Vanquished Creatures
  2 adders (D:2)
  7 gnolls (D:2)
  A worm (D:2)
  2 goblins (D:2)
  4 hobgoblins
  A quokka (D:2)
  3 bats
  3 giant newts
  5 kobolds
  7 rats
35 creatures vanquished.

Notes
Turn   | Place    | Note
--------------------------------------------------------------
     0 | D:1      | Chiseanne the Demonspawn Wanderer began the quest for the Orb.
     0 | D:1      | Chiseanne set off with: a +2 hand crossbow, 21 bolts, a scroll of teleportation, Nageuth's Almanac of the Traveller, a +0 robe, a bread ration
     0 | D:1      | Reached XP level 1. HP: 16/16 MP: 3/3
     2 | D:1      | Identified Nageuth's Almanac of the Traveller
     4 | D:1      | Learned a level 1 spell: Apportation
   728 | D:2      | Gained mutation: You are slightly more attuned to the shadows. [demonic ancestry]
   728 | D:2      | Reached XP level 2. HP: 12/22 MP: 3/5
   730 | D:2      | Reached skill level 1 in Dodging
   730 | D:2      | Reached XP level 3. HP: 14/28 MP: 3/6
  1284 | D:2      | Gained mutation: You are partially covered in icy blue scales (AC +1). [demonic ancestry]
  1284 | D:2      | Reached XP level 4. HP: 34/34 MP: 8/8
  1296 | D:2      | Reached skill level 3 in Spellcasting
  2076 | D:3      | Noticed Grinder
  2087 | D:3      | Gained mutation: You are agile. (Dex +2) [potion of beneficial mutation]
  2101 | D:3      | Paralysed by Grinder for 4 turns
  2104 | D:3      | HP: 1/34 [Grinder (3)]
  2104 | D:3      | Slain by Grinder

Vault maps used:
D:1:      mrwooster_arrival_arrow
D:3:      ecumenical_altar_1, minmay_ruptured, uniq_grinder, uniq_sigmund,
          uniq_robin

Action                   |  1- 3 |  4- 6 || total
-------------------------+-------+-------++-------
Melee: Club              |    16 |       ||    16
       Flail             |    41 |    20 ||    61
 Fire: Hand crossbow     |    21 |    36 ||    57
  Use: Potion            |     1 |     4 ||     5
       Scroll            |       |     1 ||     1
  Eat: Chunk             |     1 |     3 ||     4
